 Dungeon Crawl Stone Soup version 0.17.1-2-g5865329 (webtiles) character file.

1332 Miyamura the Sneak (level 8, -3/56 HPs)
             Began as an Octopode Abyssal Knight on Jan 15, 2016.
             Was a Priest of Lugonu.
             Slain by an ogre
             ... wielding a cursed +0 giant club
              (30 damage)
             ... on level 6 of the Dungeon.
             The game lasted 00:35:24 (10405 turns).

Miyamura the Sneak (Octopode Abyssal Knight)       Turns: 10405, Time: 00:35:24

Health: -3/56      AC:  3    Str: 12    XL:     8   Next: 61%
Magic:  11/11      EV: 14    Int: 14    God:    Lugonu [***...]
Gold:   263        SH:  0    Dex: 13    Spells: 0 memorised, 7 levels left

rFire  . . .     SeeInvis .     c - +0 dagger (venom)
rCold  . . .     Clarity  .     (no shield)
rNeg   . . .     SustAt   .     q - +2 hat
rPois  .         Gourm    .     k - amulet of resist mutation
rElec  .         Spirit   .     (no ring)
rCorr  .         Warding  .     (no ring)
rMut   +         Stasis   .     (no ring)
MR     .....                    (no ring)
Stlth  +++++.....               (no ring)
                                (no ring)
                                (no ring)
                                (no ring)

@: not resistant to hostile enchantments, quite stealthy
A: almost no armour, amphibious, 8 rings, constrict 8, camouflage 1, gelatinous
body 1
a: Depart the Abyss, Bend Space, Banish, Renounce Religion


You were on level 6 of the Dungeon.
You worshipped Lugonu.
Lugonu was most pleased with you.
You were hungry.

You visited 1 branch of the dungeon, and saw 6 of its levels.
You visited the Abyss 1 time.

You collected 263 gold pieces.

Inventory:

Hand Weapons
 c - a +0 dagger of venom (weapon)
 i - a +1 dagger of holy wrath
 m - a +3 hand axe of flaming
Missiles
 d - 19 sling bullets of frost
 l - 6 poisoned needles
 n - 6 javelins (quivered)
 s - 7 tomahawks
Armour
 q - a +2 hat (worn)
Jewellery
 k - an amulet of resist mutation (around mantle)
Wands
 b - a wand of random effects (22)
Scrolls
 e - a scroll of remove curse
 f - a scroll of identify
 t - 2 scrolls of fear
 w - a scroll of fog
Potions
 h - a potion of lignification
 j - 3 potions of cancellation
 o - a potion of haste
 r - a potion of curing
 u - a potion of brilliance
Comestibles
 a - 2 bread rations
 p - a meat ration
 v - 2 fruits


   Skills:
 + Level 5.5 Fighting
 + Level 4.9 Dodging
 + Level 6.7 Stealth
 + Level 4.8 Unarmed Combat
 + Level 5.0 Invocations


You had 7 spell levels left.
You didn't know any spells.

Dungeon Overview and Level Annotations

Branches:
Dungeon (6/15)             Temple (0/1) D:6

Altars:
Fedhas
Gozag
Nemelex Xobeh

Annotations:
D:3 kraktruk's ghost, amateur DsWz
D:4 kraktruk's ghost, amateur DrCj


Innate Abilities, Weirdness & Mutations

You cannot wear most types of armour.
You are amphibious.
You can wear up to eight rings at the same time.
You can use your tentacles to constrict eight enemies at once.
Your skin changes colour to match your surroundings (Stealth).
Your rubbery body absorbs attacks (AC +1).


Message History

The ogre barely misses you.
You barely miss the ogre. Your squeeze misses the ogre.
The ogre barely misses you.
Unknown command.
You barely miss the ogre. The ogre hits you with a giant club!
You hit the ogre.
The ogre is poisoned.
The ogre is lightly wounded.
You hit the ogre but do no damage.
The ogre looks even sicker.
The ogre is lightly wounded.
The ogre hits you with a giant club!!
Unknown command.
There is a stone staircase leading down here.
You barely miss the ogre.
The ogre is almost dead.
The ogre closely misses you.
You barely miss the ogre.
The ogre is almost dead.
The ogre hits you with a giant club!!
Ouch! That really hurt!
You die...

##### ####..@#
##....oO#######
#$.............#
#..._..........#
#..............#
#..............#
##.............###
##.#..........>..#
#.#..>...........


You could see an ogre and an orc.

Vanquished Creatures
  A hungry ghost (D:3)
  An ice beast (D:5)
  A sky beast (D:5)
  A boggart (D:2)
  2 scorpions
  3 orc priests (D:4)
  A giant frog skeleton (D:5)
  2 hounds (D:5)
  An iguana (D:2)
  8 orc wizards
  4 worker ants
  2 gnolls (D:3)
  2 hound skeletons
  A worker ant zombie (D:5)
  6 adders
  An ooze (D:4)
  An adder zombie (D:6)
  3 worms
  3 giant geckos
  16 orcs
  5 giant cockroaches
  3 goblins
  9 hobgoblins
  4 kobolds
  2 quokkas (D:3)
  5 ball pythons
  14 bats
  7 giant newts
  5 rats
114 creatures vanquished.

Vanquished Creatures (others)
  An ice beast (D:5)
  A centaur (D:5)
2 creatures vanquished.

Grand Total: 116 creatures vanquished

Notes
Turn   | Place    | Note
--------------------------------------------------------------
     0 | Abyss:1  | Miyamura the Octopode Abyssal Knight began the quest for the Orb.
     0 | Abyss:1  | Reached XP level 1. HP: 16/16 MP: 2/2
     8 | Abyss:2  | Found a corrupted altar of Lugonu.
    26 | Abyss:2  | Noticed a neqoxec
    39 | Abyss:2  | Noticed a quasit
    53 | D:1      | Escaped the Abyss
   472 | D:1      | Reached skill level 1 in Stealth
   472 | D:1      | Reached XP level 2. HP: 21/21 MP: 3/3
   796 | D:1      | Reached ** piety under Lugonu
  1211 | D:1      | Reached XP level 3. HP: 12/26 MP: 4/4
  2108 | D:2      | Noticed a boggart
  2108 | D:2      | a worm changed into a boggart
  2116 | D:2      | Killed a boggart
  2116 | D:2      | Reached XP level 4. HP: 25/33 MP: 4/6
  2116 | D:2      | Reached XP level 5. HP: 28/37 MP: 4/7
  2649 | D:3      | Found an opulent altar of Gozag.
  3247 | D:3      | Noticed a hungry ghost
  3362 | D:3      | Found a faded altar to an unknown god.
  3462 | D:3      | Noticed kraktruk's ghost (amateur DsWz)
  4310 | D:3      | Reached skill level 4 in Fighting
  4809 | D:4      | Reached XP level 6. HP: 40/43 MP: 8/8
  4921 | D:4      | Noticed kraktruk's ghost (amateur DrCj)
  6141 | D:3      | Killed a hungry ghost
  6141 | D:3      | Reached XP level 7. HP: 35/49 MP: 9/9
  6831 | D:4      | Reached *** piety under Lugonu
  7218 | D:3      | Reached skill level 5 in Stealth
  8615 | D:5      | Entered Level 5 of the Dungeon
  8829 | D:5      | Reached skill level 5 in Fighting
  9089 | D:5      | Found an opulent altar of Gozag.
  9090 | D:5      | Found a sparkling altar of Nemelex Xobeh.
  9094 | D:5      | Reached XP level 8. HP: 51/55 MP: 11/11
  9274 | D:5      | Reached skill level 6 in Stealth
 10132 | D:5      | Reached skill level 5 in Invocations
 10361 | D:6      | Found a blossoming altar of Fedhas.
 10363 | D:6      | Found a staircase to the Ecumenical Temple.
 10405 | D:6      | Slain by an ogre

Action                   |  1- 3 |  4- 6 |  7- 9 || total
-------------------------+-------+-------+-------++-------
Melee: Unarmed           |    83 |   135 |   165 ||   383
       Hand axe          |       |       |    13 ||    13
       Dagger            |       |       |    10 ||    10
Invok: Banish            |       |       |     2 ||     2
Evoke: Wand              |     9 |    16 |     4 ||    29
  Use: Scroll            |     5 |     2 |    12 ||    19
       Potion            |       |     5 |       ||     5
 Stab: Sleeping          |     6 |     6 |     6 ||    18
       Paralysed         |       |     5 |       ||     5
       Distracted        |       |     3 |     1 ||     4
  Eat: Chunk             |     3 |    11 |    12 ||    26
       Pizza             |       |     1 |     1 ||     2
       Bread ration      |       |     2 |       ||     2
       Meat ration       |       |     1 |       ||     1
